 Dungeon Crawl Stone Soup version 0.27.1-1-g398f81649c (webtiles) character file.

Game seed: 12952218855834323444

42890 speeev33 the Cleaver (level 14, -10/130 HPs)
             Began as a Hill Orc Fighter on Sept 12, 2021.
             Was a High Priest of Okawaru.
             Mangled by a dire elephant simulacrum (20 damage)
             ... animated by a necromancer
             ... on level 6 of the Lair of Beasts.
             The game lasted 00:41:50 (21763 turns).

speeev33 the Cleaver (Hill Orc Fighter)            Turns: 21763, Time: 00:41:51

Health: -10/130    AC: 29    Str: 24    XL:     14   Next: 21%
Magic:  10/14      EV:  7    Int:  8    God:    Okawaru [*****.]
Gold:   1449       SH: 13    Dex: 13    Spells: 13/13 levels left

rFire    . . .     SeeInvis .   a - +4 broad axe (elec)
rCold    + . .     Faith    .   c - +0 kite shield
rNeg     . . .     Spirit   .   e - +0 plate armour
rPois    +         Reflect  .   p - +1 helmet
rElec    .         Harm     .   h - scarf {shadows}
rCorr    .         Rampage  .   C - +0 pair of gloves of the Solstice {*Slow rPois Dex+3}
Will     +....                  x - +4 pair of boots of Qiug {rC+}
Stlth    ..........             (no amulet)
HPRegen  0.31/turn              O - +4 ring of slaying
MPRegen  0.14/turn              v - +4 ring of protection

@: about to teleport
A: no striking features
a: Renounce Religion, Heroism, Finesse


You were on level 6 of the Lair of Beasts.
You worshipped Okawaru.
Okawaru was extremely pleased with you.
You visited 3 branches of the dungeon, and saw 17 of its levels.

You collected 1449 gold pieces.

Inventory:

Hand Weapons
 a - a +4 broad axe of electrocution (weapon)
 b - a +2 morningstar of protection
Missiles
 n - 3 throwing nets
 E - 9 silver javelins (quivered)
 G - 29 poisoned darts
Armour
 c - a +0 kite shield (worn)
 e - a +0 plate armour (worn)
 h - a scarf of shadows (worn)
 p - a +1 helmet (worn)
 x - the +4 pair of boots of Qiug (worn) {rC+}
   (You found it on level 6 of the Dungeon)

   rC:        It protects you from cold.
 C - the +0 pair of gloves of the Solstice (worn) {*Slow rPois Dex+3}
   (Okawaru gifted it to you on level 6 of the Lair of Beasts)

   Dex:       It affects your dexterity (+3).
   rPois:     It protects you from poison.
   *Slow:     It may slow you when you take damage.
Jewellery
 v - a +4 ring of protection (right hand)
 J - a ring of see invisible
 N - a +4 ring of evasion
 O - a +4 ring of slaying (left hand)
 Q - a +6 ring of strength
Wands
 o - a wand of acid (11)
 r - a wand of flame (60)
 u - a wand of paralysis (20)
 w - a wand of iceblast (38)
 y - a wand of digging (6)
 D - a wand of polymorph (4)
 I - a wand of mindburst (51)
 P - a wand of charming (9)
Scrolls
 q - 2 scrolls of amnesia
 s - 3 scrolls of fog
 t - 4 scrolls of teleportation
 z - 3 scrolls of enchant armour {unknown}
 F - 3 scrolls of enchant weapon
 H - a scroll of brand weapon
 L - 7 scrolls of noise {unknown}
Potions
 d - 4 potions of might
 f - 6 potions of brilliance
 g - a potion of haste
 i - a potion of invisibility
 j - 4 potions of curing
 m - 2 potions of lignification
 A - 2 potions of attraction
 B - a potion of ambrosia {unknown}
 K - a potion of mutation {unknown}
 M - a potion of cancellation {unknown}
 R - a potion of magic {unknown}
 S - 4 potions of flight
Miscellaneous
 T - a condenser vane


   Skills:
 + Level 13.9 Fighting
 + Level 14.8 Axes
 + Level 12.9 Armour
 + Level 12.9 Shields
 + Level 7.4 Evocations


You had 13 spell levels left.
You didn't know any spells.
Your spell library contained the following spells:

 Spells                   Type           Power      Damage    Failure   Level
 Animate Skeleton         Necr           0%         N/A       99%         1
 Apportation              Tloc           0%         N/A       99%         1
 Beastly Appendage        Tmut           0%         N/A       99%         1
 Corona                   Hex            0%         N/A       99%         1
 Magic Dart               Conj           0%         1d3       99%         1
 Pain                     Necr           0%         1d4       99%         1
 Sandblast                Erth           0%         2d4       99%         1
 Shock                    Conj/Air       0%         1d3       99%         1
 Summon Small Mammal      Summ           0%         N/A       99%         1
 Blink                    Tloc           N/A        N/A       100%        2
 Passwall                 Tmut/Erth      0%         N/A       100%        2
 Searing Ray              Conj           0%         3d3       100%        2
 Wereblood                Tmut           0%         N/A       100%        2
 Dazzling Flash           Conj/Hex       0%         N/A       100%        3
 Spider Form              Tmut/Pois      0%         N/A       100%        3
 Swiftness                Air            0%         N/A       100%        3
 Airstrike                Air            0%         N/A       100%        4
 Animate Dead             Necr           0%         N/A       100%        4
 Fulminant Prism          Conj/Hex       0%         3d6       100%        4
 Agony                    Necr           0%         N/A       100%        5
 Fireball                 Conj/Fire      0%         3d3       100%        5
 Iskenderun's Battlesphe  Conj           0%         2d6       100%        5
 Lee's Rapid Deconstruct  Erth           0%         3d5*      100%        5
 Manifold Assault         Tloc           0%         N/A       100%        5
 Silence                  Hex/Air        0%         N/A       100%        5
 Summon Forest            Summ/Tloc      0%         N/A       100%        5
 Summon Mana Viper        Hex/Summ       0%         N/A       100%        5
 Conjure Ball Lightning   Conj/Air       0%         3x3d6     100%        6
 Eringya's Noxious Bog    Tmut/Pois      0%         N/A       100%        6
 Shadow Creatures         Summ           N/A        N/A       100%        6
 Haunt                    Necr/Summ      0%         N/A       100%        7
 Orb of Destruction       Conj           0%         N/A       100%        7
 Storm Form               Tmut/Air       0%         N/A       100%        7
 Summon Hydra             Summ           0%         N/A       100%        7
 Disjunction              Tloc           0%         N/A       100%        8
 Infestation              Necr           0%         N/A       100%        8


Dungeon Overview and Level Annotations

Branches:
Dungeon (10/15)            Temple (1/1) D:4            Lair (6/6) D:8
 Shoals (0/4) Lair:3        Snake (0/4) Lair:3        Slime (0/5) Lair:5
    Orc (0/2) D:10

Altars:
Ashenzari
Cheibriados
Dithmenos
Elyvilon
Fedhas
Gozag
Hepliaklqana
Kikubaaqudgha
Makhleb
Nemelex Xobeh
Okawaru
Qazlal
Ru
Sif Muna
Trog
Uskayaw
Vehumet
Wu Jian
Xom
Yredelemnul
Zin
The Shining One
Lugonu

Shops:
D:5 (

Annotations:
D:3 need dig
Lair:2 2 transporters, pokedragonboy's ghost, journeyman HOFi
Lair:3 exclusion: 2 oklob plants


Message History

The dire elephant is severely wounded.
You slash the dire elephant simulacrum! You slash the dire elephant!
The dire elephant tramples you.
You hold your ground!
You block the dire elephant's attack. The dire elephant tramples you!
You hold your ground!
The dire elephant closely misses you.
Unknown command.
You hit the dire elephant but do no damage.
The dire elephant is severely wounded.
You slash the dire elephant!
Lightning courses through the dire elephant!
You slash the dire elephant simulacrum!
Lightning courses through the dire elephant simulacrum!
The dire elephant simulacrum tramples you.
The dire elephant simulacrum freezes you!!
You resist.
* * * LOW HITPOINT WARNING * * *
You block the dire elephant simulacrum's attack.
You block the dire elephant's attack. The dire elephant trunk-slaps you.
* * * LOW HITPOINT WARNING * * *
The dire elephant tramples you!
* * * LOW HITPOINT WARNING * * *
You hold your ground!
The dire elephant barely misses you.
You feel much better.
The dire elephant tramples you but does no damage.
You block the dire elephant's attack. The dire elephant tramples you.
* * * LOW HITPOINT WARNING * * *
You hold your ground!
The dire elephant trunk-slaps you but does no damage.
The dire elephant simulacrum tramples you but does no damage.
The dire elephant simulacrum trunk-slaps you but does no damage.
As you read the scroll of teleportation, it crumbles to dust.
You feel strangely unstable.
The dire elephant tramples you but does no damage.
You block the dire elephant's attack. x2
The dire elephant trunk-slaps you but does no damage.
The dire elephant simulacrum tramples you!!
* * * LOW HITPOINT WARNING * * *
The dire elephant simulacrum freezes you!!
You resist.
You die...

##.#..........
##≈≈≈.##.#..........
#≈≈≈≈≈.#.#.PP.......
#≈≈≈≈≈ #.#..PPP..... ..≈≈
##.#..P....... #..
#P.#.P.#......
##'####.##..##......
#8Y8#P..#♣.####.....
###.Y@#.###..###.#....
##.#.Z##.##.....#####..
##..'..#..##....## #....
#...'.P#.##♣.#### ##...
##..#####.# ♣..######.#.†
#....'.P.P# #♣.#.##..#...
#....'..######P..##.P....
#...##8..'...#♣.P........
#....#####...##..........


You could see 2 dire elephants and a dire elephant simulacrum.

Vanquished Creatures
  Gastronok (Lair:3)
  A dire elephant (Lair:6)
  Fannar (D:10)
  Harold (D:10)
  6 hydras
  2 catoblepae (Lair:2)
  2 centaur warriors
  2 two-headed ogres
  3 death yaks (D:8)
  Urug (Lair:3)
  A spectral dire elephant (Lair:6)
  A spectral anaconda (Lair:6)
  An obsidian statue (Lair:6)
  4 elephants (Lair:6)
  2 black mambas
  11 cane toads
  2 rime drakes
  6 komodo dragons
  A polar bear (Lair:3)
  28 blink frogs
  A spectral elephant (Lair:6)
  Sigmund (D:4)
  A vampire (D:10)
  6 wyverns
  25 yaks
  A steam dragon (D:8)
  2 death yak simulacra (Lair:6)
  Grum (D:10)
  10 basilisks
  4 nagas (Lair:3)
  2 swamp worms (D:8)
  11 water moccasins
  2 necrophages (D:8)
  3 orc warriors
  2 black bears
  A hornet zombie (D:5)
  An ice beast (D:8)
  8 wolves
  5 centaurs
  3 kobold brigands
  14 bullfrogs
  3 gnoll sergeants
  A water moccasin zombie (D:5)
  2 water moccasin skeletons
  12 killer bees (D:10)
  7 wights
  3 howler monkeys
  3 hounds (D:4)
  A quasit (D:7)
  4 jellies (Lair:5)
  A centaur zombie (D:8)
  5 orc priests
  2 bullfrog skeletons
  3 iguanas
  12 orc wizards
  Natasha (thrice) (D:3)
  Terence (D:2)
  A hell rat (D:8)
  A killer bee zombie (D:7)
  2 hound skeletons
  Robin (D:3)
  3 howler monkey zombies
  15 gnolls
  A howler monkey skeleton (D:6)
  10 adders
  A river rat (D:8)
  An adder zombie (D:5)
  4 worms
  3 dart slugs
  25 orcs
  2 bats
  5 endoplasms
  9 giant cockroaches
  10 hobgoblins
  6 jackals
  5 quokkas
  5 ball pythons
  2 frilled lizards
  14 goblins
  2 goblin skeletons (D:7)
  4 hobgoblin zombies (D:7)
  25 kobolds
  A kobold skeleton (D:7)
  2 kobold zombies (D:7)
  An orc skeleton (D:7)
  5 rats
410 creatures vanquished.

Vanquished Creatures (others)
  A yak (Lair:3)
  A human (D:7)
  62 fungi
  81 plants
  16 withered plants
161 creatures vanquished.

Grand Total: 571 creatures vanquished

Notes
Turn   | Place    | Note
-------+----------+-------------------------------------------
     0 | D:1      | speeev33 the Hill Orc Fighter began the quest for the Orb.
     0 | D:1      | Reached XP level 1. HP: 19/19 MP: 1/1
   292 | D:1      | Reached XP level 2. HP: 16/27 MP: 2/2
   421 | D:1      | Reached skill level 3 in Axes
   853 | D:1      | Reached XP level 3. HP: 31/33 MP: 3/3
   995 | D:1      | Found a faded altar of an unknown god.
  1224 | D:2      | Noticed Terence
  1230 | D:2      | Killed Terence
  1279 | D:2      | Reached XP level 4. HP: 35/40 MP: 4/4
  1665 | D:2      | Reached skill level 4 in Axes
  1665 | D:2      | Reached XP level 5. HP: 13/47 MP: 5/5
  2362 | D:3      | Found a hazy altar of Hepliaklqana.
  2498 | D:3      | Found an ornate altar of the Wu Jian Council.
  2509 | D:3      | Noticed Robin
  2524 | D:3      | Killed Robin
  2592 | D:3      | Noticed Natasha
  2601 | D:3      | Killed Natasha
  2602 | D:3      | Reached skill level 5 in Fighting
  2602 | D:3      | Reached XP level 6. HP: 51/56 MP: 6/6
  2675 | D:3      | Found a snail-covered altar of Cheibriados.
  2697 | D:3      | Noticed Natasha
  2709 | D:3      | Killed Natasha
  2893 | D:3      | Noticed Natasha
  2897 | D:3      | Killed Natasha
  3193 | D:4      | Noticed Sigmund
  3206 | D:4      | Killed Sigmund
  3207 | D:4      | Reached skill level 5 in Axes
  3207 | D:4      | Reached skill level 5 in Armour
  3207 | D:4      | Reached skill level 5 in Shields
  3207 | D:4      | Reached XP level 7. HP: 43/61 MP: 7/7
  3359 | D:4      | Found a burning altar of Makhleb.
  3359 | D:4      | Noticed a balrug
  3362 | D:4      | Noticed a smoke demon
  3362 | D:4      | Noticed a hellwing
  3842 | D:4      | Found a sparkling altar of Nemelex Xobeh.
  3919 | D:4      | Found a basalt altar of Yredelemnul.
  4188 | D:4      | Found a staircase to the Ecumenical Temple.
  4234 | Temple   | Entered the Ecumenical Temple
  4400 | D:5      | Entered Level 5 of the Dungeon
  4442 | D:5      | Reached skill level 6 in Axes
  4469 | D:5      | Reached XP level 8. HP: 34/71 MP: 8/8
  4656 | D:5      | Found a radiant altar of Vehumet.
  4802 | D:5      | Found an iron altar of Okawaru.
  4879 | D:5      | Became a worshipper of Warmaster Okawaru
  4891 | D:5      | Found a bloodstained altar of Trog.
  5173 | D:5      | Found Qukhue's Weapon Boutique.
  5258 | D:5      | Reached skill level 7 in Axes
  5584 | D:6      | Identified the +4 pair of boots of Qiug {rC+}
  5860 | D:6      | Reached * piety under Okawaru
  6024 | D:6      | Reached XP level 9. HP: 61/78 MP: 9/9
  6204 | D:6      | Got First Steps in Thaumaturgy
  6637 | D:7      | Found a glowing golden altar of the Shining One.
  6711 | D:7      | Reached skill level 8 in Axes
  6918 | D:7      | Found an ancient bone altar of Kikubaaqudgha.
  7142 | D:8      | Found a broken altar of Ashenzari.
  7172 | D:8      | Noticed a death yak
  7193 | D:8      | Noticed a death yak
  7194 | D:8      | Noticed a death yak
  7203 | D:8      | Killed a death yak
  7203 | D:8      | Reached ** piety under Okawaru
  7211 | D:8      | Killed a death yak
  7212 | D:8      | Reached skill level 9 in Axes
  7217 | D:8      | Killed a death yak
  7217 | D:8      | Reached *** piety under Okawaru
  7218 | D:8      | Reached XP level 10. HP: 18/91 MP: 10/10
  7586 | D:8      | Found a shadowy altar of Dithmenos.
  7833 | D:8      | Found a staircase to the Lair.
  7935 | D:8      | Reached skill level 10 in Axes
  8359 | D:8      | Reached **** piety under Okawaru
  8527 | D:8      | Noticed a centaur warrior
  8541 | D:8      | Killed a centaur warrior
  8550 | D:8      | Reached skill level 10 in Fighting
  8743 | D:8      | Noticed a two-headed ogre
  8753 | D:8      | Killed a two-headed ogre
  8753 | D:8      | Reached ***** piety under Okawaru
  9032 | D:9      | Reached XP level 11. HP: 100/101 MP: 11/11
  9204 | D:9      | Found a sacrificial altar of Ru.
  9208 | D:9      | Reached skill level 11 in Axes
  9299 | D:9      | Found an opulent altar of Gozag.
  9584 | D:10     | Entered Level 10 of the Dungeon
  9706 | D:10     | Noticed a centaur warrior
  9724 | D:10     | Killed a centaur warrior
  9724 | D:10     | Received a gift from Okawaru
  9725 | D:10     | Reached skill level 10 in Armour
  9951 | D:10     | Found a shimmering altar of Xom.
 10468 | D:10     | Reached skill level 10 in Shields
 10575 | D:10     | Noticed Fannar
 10602 | D:10     | Killed Fannar
 11021 | D:10     | Found a staircase to the Orcish Mines.
 11105 | D:10     | Noticed Grum
 11106 | D:10     | Noticed Harold
 11133 | D:10     | Killed Grum
 11151 | D:10     | Killed Harold
 11464 | D:10     | Noticed a two-headed ogre
 11472 | D:10     | Killed a two-headed ogre
 11473 | D:10     | Reached skill level 12 in Axes
 11632 | Lair:1   | Entered Level 1 of the Lair of Beasts
 11906 | Lair:1   | Reached skill level 1 in Evocations
 12506 | Lair:1   | Reached XP level 12. HP: 88/111 MP: 12/12
 12750 | Lair:1   | Got the Collected Works on Dislocated Transformation
 12935 | Lair:1   | Found the +8 longbow "Zephyr" {speed, Dex+3 SInv}
 13695 | Lair:2   | Noticed pokedragonboy's ghost (journeyman HOFi)
 13696 | Lair:2   | Noticed a death yak
 13696 | Lair:2   | Noticed an eight-headed hydra
 13698 | Lair:2   | Found a transporter.
 13971 | Lair:2   | Noticed a catoblepas
 13983 | Lair:2   | Killed a catoblepas
 14026 | Lair:2   | Found a transporter.
 14539 | Lair:3   | Noticed a catoblepas
 14820 | Lair:2   | Killed a catoblepas
 14820 | Lair:2   | Received a gift from Okawaru
 15065 | Lair:3   | Found a staircase to the Snake Pit.
 15732 | Lair:3   | Reached skill level 13 in Axes
 15835 | Lair:3   | Noticed a seven-headed hydra
 15841 | Lair:3   | Noticed Gastronok
 15847 | Lair:3   | Killed a seven-headed hydra
 15888 | Lair:3   | Killed Gastronok
 16422 | Lair:3   | Noticed Urug
 16463 | Lair:3   | Killed Urug
 16464 | Lair:3   | Reached XP level 13. HP: 61/119 MP: 6/13
 16852 | Lair:3   | Reached skill level 5 in Evocations
 17184 | Lair:3   | Found a staircase to the Shoals.
 17195 | Lair:3   | Received a gift from Okawaru
 18123 | Lair:4   | Reached ****** piety under Okawaru
 18532 | Lair:4   | Received a gift from Okawaru
 18837 | Lair:5   | Reached skill level 14 in Axes
 19090 | Lair:5   | Found a staircase to the Slime Pits.
 19530 | Lair:6   | Entered Level 6 of the Lair of Beasts
 20283 | Lair:6   | Identified the +0 pair of gloves of the Solstice {*Slow
                  | rPois Dex+3} (Okawaru gifted it to you on level 6 of the
                  | Lair of Beasts)
 20283 | Lair:6   | Received a gift from Okawaru
 20711 | Lair:6   | HP: 3/122 [elephant (8)]
 21079 | Lair:6   | Reached XP level 14. HP: 112/130 MP: 14/14
 21331 | Lair:6   | Noticed a dire elephant
 21335 | Lair:6   | Noticed a dire elephant
 21342 | Lair:6   | Noticed a dire elephant
 21755 | Lair:6   | Killed a dire elephant
 21763 | Lair:6   | Mangled by a dire elephant simulacrum

Illustrated notes

Levels and vault maps discovered:
D:1:      dpeg_arrival_more_subterranean_lakeside_camping, layout_rooms,
          hellmonk_ecumenical_altar_inner_sanctum,
          hangedman_decor_clover_reticule
D:2:      layout_loops_ring, uniq_terence
D:3:      layout_loops_ring, general_overflow_altar, nzn_wu_jian_contemplation,
          mainiacjoe_overflow_paths, minmay_misc_feat_columns,
          due_unseen_surprise, uniq_natasha, uniq_robin
D:4:      layout_loops_corners, nemelex_dance_club_becter,
          yredelemnul_altar_generic, makhleb_altar_promises_db,
          minmay_temple_entry_antechambers, cheibrodos_gnoll_hut, uniq_sigmund
D:5:      layout_layer_cave, nicolae_vehumet_radiance, lemuel_tele_altar,
          trog_hazing_becter, serial_shops, kennysheep_mini_moat
D:6:      layout_loops_cross
D:7:      layout_basic, nicolae_tso_besieged_by_evil, tgw_kikubaaqudgha
D:8:      cheibrodos_barr_body, layout_cave_pools,
          mainiacjoe_overflow_tiny_flanked, nicolae_ashenzari_panopticon,
          dpeg_lair_monsters, worms_lemuel
D:9:      layout_roguey, old_standard_altar, lemuel_coloured_pillars_altar
D:10:     layout_irregular_city, nicolae_overflow_hidden_temple, erik_orc_4,
          uniq_harold, uniq_fannar, uniq_grum
Temple:   corrupted_temple
Lair:1:   layout_layer_cave, beast_lair_carwin_4
Lair:2:   statuecave_lemuel, layout_regular_city, gammafunk_ghost_arena
Lair:3:   layout_layer_cave, minmay_shoals_entry_centaurs,
          minmay_snake_entry_guardpost_small, ldierk_geyser,
          kennysheep_basilisk_garden, serial_bayou_shore_a,
          minmay_lair_oklob_chamber, grunt_megastairs_5, lemuel_fruit_fields,
          uniq_gastronok, uniq_urug
Lair:4:   layout_gridlike
Lair:5:   layout_roguey, minmay_slime_entry_pillars, serial_bayou_shore_b,
          lemuel_fruit_tree
Lair:6:   due_jungle_book, layout_hall_layers

Skill      XL: |  1  2  3  4  5  6  7  8  9 10 11 12 13 14 |
---------------+-------------------------------------------+-----
Axes           | 3 4 5 6 7 9 10 12 13 14 | 14.8
Fighting       | 4 5 6 7 9 10 11 12 13 | 13.9
Armour         | 4 5 6 8 9 10 11 12 | 12.9
Shields        | 4 5 6 8 9 10 11 12 | 12.9
Evocations     | 1 4 6 7 |  7.4

Action                   |  1- 3 |  4- 6 |  7- 9 | 10-12 | 13-15 || total
-------------------------+-------+-------+-------+-------+-------++-------
Melee: War axe           |   103 |   174 |   353 |   750 |   106 ||  1486
       Morningstar       |       |       |       |     8 |    32 ||    40
       Broad axe         |       |       |       |       |   209 ||   209
Invok: Heroism           |       |       |     1 |     8 |     2 ||    11
       Finesse           |       |       |       |     2 |     1 ||     3
Evoke: Wand              |       |     6 |       |     3 |     1 ||    10
  Use: Scroll            |     2 |     2 |     5 |     7 |     6 ||    22
       Potion            |       |       |     1 |     2 |     2 ||     5
Armor: Scale mail        |     8 |       |       |       |       ||     8
       Plate armour      |    70 |   126 |   253 |   546 |   285 ||  1280
Dodge: Dodged            |    15 |    33 |    62 |   177 |   100 ||   387
Block: Kite shield       |    67 |    88 |   221 |   472 |   258 ||  1106
